 Dungeon Crawl Stone Soup version 0.26-a0-540-g8a0c9464d7 (webtiles) character file.

Game seed: 16562209839396910075

67 vurker the Sneak (level 4, -2/37 HPs)
             Began as a Formicid Delver on Aug 24, 2020.
             Slain by Natasha (7 damage)
             ... on level 2 of the Dungeon.
             The game lasted 00:01:27 (1166 turns).

vurker the Sneak (Formicid Delver)                  Turns: 1166, Time: 00:01:28

Health: -2/37      AC:  8    Str: 17    XL:     4   Next: 38%
Magic:  4/4        EV:  7    Int: 10    God:
Gold:   100        SH:  6    Dex: 12    Spells: 3/3 levels left

rFire    . . .     SeeInvis +   i - +0 war axe
rCold    . . .     Faith    .   a - +2 buckler
rNeg     . . .     Spirit   .   j - +0 chain mail (curse)
rPois    .         Reflect  .   (helmet unavailable)
rElec    .         Harm     .   (no cloak)
rCorr    .                      (no gloves)
MR       .....                  (no boots)
Stlth    ..........             (no amulet)
HPRegen  0.12/turn              (no ring)
MPRegen  0.09/turn              (no ring)

@: no status effects
A: permanent stasis, dig shafts and tunnels, four strong arms, antennae 3
a: Dig, Shaft Self


You were on level 2 of the Dungeon.
You visited 1 branch of the dungeon, and saw 5 of its levels.

You collected 100 gold pieces.

Inventory:

Hand Weapons
 i - a +0 war axe (weapon)
   (You took it off an orc on level 4 of the Dungeon)
Armour
 a - a +2 buckler (worn)
   (You found it on level 4 of the Dungeon)
 j - a cursed +0 chain mail (worn)
   (You found it on level 3 of the Dungeon)
Wands
 v - a wand of digging (3)
Scrolls
 b - a scroll of teleportation {unknown}
 c - a scroll of fog
 d - 2 scrolls of magic mapping
 e - 2 scrolls of fear
 g - 3 scrolls of identify {unknown}
 h - a scroll of immolation {unknown}
Potions
 f - a potion of haste {unknown}


   Skills:
 + Level 3.9 Fighting
 * Level 3.4 Axes
 - Level 1.7 Dodging
 - Level 6.0 Stealth
 + Level 1.5 Shields


You had 3 spell levels left.
You didn't know any spells.
Your spell library was empty.

Dungeon Overview and Level Annotations

Branches:
Dungeon (6/15)
 Temple: D:4-7

Altars:
Cheibriados
Xom

Annotations:
D:2 Natasha


Innate Abilities, Weirdness & Mutations

You cannot be hasted, slowed, berserked, paralysed or teleported.
You can dig through walls and to a lower floor.
Your four strong arms can wield two-handed weapons with a shield.
You have a pair of large antennae on your head. (SInv)


Message History

No target in view!
No target in view!
No target in view!
There is a stone staircase leading up here.
You climb upwards.
Natasha hisses angrily.
Found a robe and 24 stones.
There is a stone staircase leading down here.
Natasha is nearby!
You hit Natasha.
Natasha casts a spell.
You barely miss Natasha. Natasha claws you but does no damage.
You hit Natasha but do no damage. You barely miss the crimson imp.
Natasha mumbles some strange words.
The crimson imp hits you but does no damage.
Natasha stares at you and mumbles some strange words.
You resist with some effort.
You barely miss Natasha. You barely miss the white imp.
You barely miss the crimson imp.
The crimson imp blinks!
The white imp gestures at you. The puff of frost hits you!
Natasha stares at you and mumbles some strange words.
The magic dart hits you.
You slash Natasha!
Your chain mail prevents you from hitting the white imp.
The white imp gestures at you. The puff of frost hits you!
* * * LOW HITPOINT WARNING * * *
Natasha claws you but does no damage.
You hit Natasha. You hit the white imp but do no damage.
The white imp hits you.
* * * LOW HITPOINT WARNING * * *
The white imp freezes you.
* * * LOW HITPOINT WARNING * * *
Natasha casts a spell at you. You resist with some effort.
The white imp gestures at you. The puff of frost misses you.
Natasha claws you but does no damage.
You barely miss Natasha. You hit the white imp. The white imp gestures at you.
The puff of frost hits you!
* * * LOW HITPOINT WARNING * * *
Natasha stares at you and mumbles some strange words.
The magic dart hits you.
* * * LOW HITPOINT WARNING * * *
You hit Natasha. You hit the crimson imp. You hit the white imp.
The crimson imp hits you but does no damage.
The white imp hits you but does no damage.
Natasha claws you!
You die...

#.....
..#.#
#....
#...#
#...#
#...#
##(##.55#
......h@#
##.##.###
#


You could see Natasha, a crimson imp (summoned) and a white imp (summoned).

Vanquished Creatures
  A howler monkey (D:3)
  2 adders
  A dart slug (D:3)
  A leopard gecko (D:3)
  An orc (D:4)
  A quokka (D:3)
  3 kobolds (D:3)
10 creatures vanquished.

Vanquished Creatures (others)
  A worker ant (D:5)
  A giant cockroach (D:5)
2 creatures vanquished.

Grand Total: 12 creatures vanquished

Notes
Turn   | Place    | Note
-------+----------+-------------------------------------------
     0 | D:5      | vurker the Formicid Delver began the quest for the Orb.
     0 | D:5      | Reached XP level 1. HP: 18/18 MP: 1/1
     8 | D:5      | Noticed a scorpion
     9 | D:5      | Killed a worker ant
   112 | D:5      | Found a shimmering altar of Xom.
   112 | D:5      | Noticed an iguana
   112 | D:5      | Noticed a scorpion
   112 | D:5      | Noticed a scorpion
   112 | D:5      | Noticed a worker ant
   134 | D:4      | Reached XP level 2. HP: 6/24 MP: 2/2
   373 | D:4      | Found a snail-covered altar of Cheibriados.
   873 | D:3      | Reached XP level 3. HP: 30/30 MP: 3/3
   887 | D:3      | Reached skill level 1 in Shields
   887 | D:3      | Reached XP level 4. HP: 19/37 MP: 4/4
  1158 | D:2      | Noticed Natasha
  1166 | D:2      | Slain by Natasha

Illustrated notes

Levels and vault maps discovered:
D:2:      wander_river, layout_basic, overflow_temple_1_default,
          nicolae_overflow_crystal_walls, uniq_natasha, uniq_robin
D:3:      layout_loops_corners, nemelex_xobeh_ov_fountains_minmay, uniq_sigmund
D:4:      gammafunk_cloud_chamber, layout_layer_cave, old_standard_altar,
          uniq_ijyb
D:5:      layout_basic, grunt_gozag_statues, xom_confusion_cloud,
          old_standard_altar, serial_shops, nicolae_shop_waterfront
D:6:      cheibrodos_iron_armory, layout_gridville,
          eat_drink_and_be_merry_uskayaw, minmay_temple_entry_trees,
          lemuel_flame_loot_1, uniq_menkaure, uniq_eustachio, uniq_grinder,
          uniq_blork_the_orc

Skill      XL: |  1  2  3 |
---------------+----------+-----
Axes           | 3 |  3.4
Shields        | 1 |  1.5
Fighting       | |  3.9
Dodging        | |  1.7
Stealth        | |  6.0

Action                   |  1- 3 |  4- 6 || total
-------------------------+-------+-------++-------
Melee: Hand axe          |    22 |       ||    22
       War axe           |    26 |    11 ||    37
 Stab: Sleeping          |     1 |       ||     1
Armor: Leather armour    |     2 |       ||     2
       Chain mail        |    11 |     9 ||    20
Dodge: Dodged            |    24 |     2 ||    26
Block: Buckler           |     4 |     1 ||     5

Table legend: (Time is in decaauts)
 A = Elapsed time spent in this place.
 B = Non-inter-level travel time spent in this place.
 C = Inter-level travel time spent in this place.
 D = Time resting spent in this place.
 E = Time spent auto-exploring this place.
 F = Levels seen in this place.
 G = Mean time per level.
                   A        B        C        D        E       F      G
               +--------+--------+--------+--------+--------+-----+--------+
         Total |   1182 |   1149 |     33 |      0 |    967 |   5 |  236.4 |
       Dungeon |   1182 |   1149 |     33 |      0 |    967 |   5 |  236.4 |
               +--------+--------+--------+--------+--------+-----+--------+

Top non-repeatable levels by time:
     D:4: 607 daAuts
     D:3: 445 daAuts
     D:6: 96 daAuts
     D:5: 22 daAuts
     D:2: 10 daAuts
